 Dungeon Crawl Stone Soup version 0.24-a0-163-g64c5a76fe2 (webtiles) character file.

Game seed: 7870896873454246297

1819 MrRokkomies the Jinx (level 8, -1/36 HPs)
             Began as a Spriggan Enchanter on Mar 6, 2019.
             Was a Follower of Kikubaaqudgha.
             Slain by Harold (16 damage)
             ... on level 7 of the Dungeon.
             The game lasted 00:16:44 (6154 turns).

MrRokkomies the Jinx (Spriggan Enchanter)           Turns: 6154, Time: 00:16:45

Health: -1/36      AC:  3    Str:  9      XL:     8   Next: 85%
Magic:  8/15       EV: 21    Int: 17      God:    Kikubaaqudgha [*.....]
Gold:   256        SH:  8    Dex: 15 (16) Spells: 0/15 levels left

rFire    . . .     SeeInvis +   a - +3 short sword (elec)
rCold    . . .     Gourm    .   z - +0 buckler
rNeg     . . .     Faith    .   x - +0 robe
rPois    +         Spirit   .   (helmet restricted)
rElec    .         Reflect  +   q - +0 cloak
rCorr    .         Harm     .   (gloves unavailable)
MR       +....                  (boots unavailable)
Stlth    +++.......             j - +3 amulet of reflection
HPRegen  0.12/turn              e - +3 ring of strength
MPRegen  0.14/turn              i - ring of poison resistance

@: very quick
A: very small, unfitting armour, see invisible, herbivore, speed 3, slow
metabolism 2
a: Receive Corpses, Renounce Religion


You were on level 7 of the Dungeon.
You worshipped Kikubaaqudgha.
Kikubaaqudgha was aware of your devotion.
You were hungry.

You visited 2 branches of the dungeon, and saw 8 of its levels.

You collected 256 gold pieces.

Inventory:

Hand Weapons
 a - a +3 short sword of electrocution (weapon)
 b - a +0 hunting sling
Missiles
 c - 23 sling bullets
 h - 176 stones (quivered)
 n - 46 poisoned needles
Armour
 q - a +0 cloak (worn)
 x - a +0 robe (worn)
 z - a +0 buckler (worn)
Jewellery
 e - a +3 ring of strength (left hand)
 i - a ring of poison resistance (right hand)
 j - a +3 amulet of reflection (around neck)
 o - an uncursed ring of positive energy
 A - an uncursed amulet of the acrobat {unknown}
Wands
 s - a wand of paralysis (6)
 v - a wand of disintegration (17)
Scrolls
 f - 3 scrolls of teleportation
 u - 2 scrolls of remove curse
 w - a scroll of fog {unknown}
 y - a scroll of blinking {unknown}
Potions
 g - a potion of haste
 k - a potion of magic
 l - a potion of berserk rage
 m - 2 potions of lignification {unknown}
 p - 4 potions of curing {unknown}
 r - 3 potions of ambrosia {unknown}
 t - 2 potions of heal wounds
Comestibles
 d - 18 rations


   Skills:
 - Level 6.2 Short Blades
 * Level 6.8 Dodging
 - Level 6.1 Stealth
 - Level 4.1 Spellcasting
 * Level 9.8 Hexes
 - Level 3.8 Translocations


You couldn't memorise any spells.
You knew the following spells:

 Your Spells              Type           Power        Failure   Level  Hunger
a - Corona                Hex            #####..      1%          1    None
b - Ensorcelled Hibernat  Hex/Ice        ###...       5%          2    ##.....
c - Confuse               Hex            #####...     1%          3    ###....
d - Blink                 Tloc           N/A          9%          2    ##.....
e - Tukima's Dance        Hex            #####...     1%          3    ###....
f - Mephitic Cloud        Conj/Pois/Air  #.......     61%         3    ###....
g - Pain                  Necr           #...         26%         1    None

Your spell library contained the following spells:

 Spells                   Type           Power        Failure   Level  Hunger
 Slow                     Hex            #####...     1%          2    ##.....
 Dazzling Spray           Conj/Hex       ###...       11%         3    ###....
 Magic Dart               Conj           #...         26%         1    None
 Call Imp                 Summ           #.......     36%         2    ##.....
 Corpse Rot               Necr           N/A          36%         2    ##.....
 Sublimation of Blood     Necr           #.........   36%         2    ##.....
 Conjure Flame            Conj/Fire      #.......     61%         3    ###....
 Regeneration             Chrm/Necr      #.........   61%         3    ###....


Dungeon Overview and Level Annotations

Branches:
Dungeon (7/15)             Temple (1/1) D:4

Altars:
Cheibriados
Dithmenos
Elyvilon
Fedhas
Gozag
Hepliaklqana
Kikubaaqudgha
Makhleb
Nemelex Xobeh
Okawaru
Qazlal
Ru
Uskayaw
Wu Jian
Xom
Yredelemnul
Zin
The Shining One

Annotations:
D:7 Harold


Innate Abilities, Weirdness & Mutations

You are very small and have problems with some larger weapons.
You are too small for most types of armour.
You have supernaturally acute eyesight. (SInv)
You are a herbivore.
You cover ground extremely quickly.
You need to consume almost no food.


Message History

Confirm with . or Enter, or press ? or * to list all spells.
Aiming: Confuse (safe; 1% risk of failure)
Press: ? - help, Shift-Dir - straight line, f/p - Harold
Aim: Harold, wearing a +0 chain mail (fast, chance to defeat MR: 29%)
Okay, then.
Unknown command.
Casting: Confuse (safe; 1% risk of failure)
Confirm with . or Enter, or press ? or * to list all spells.
You blink.
An orc priest comes into view. It is wielding a +0 club.
The orc priest shouts!
You hear a shout!
Harold throws a throwing net.
The throwing net hits you.
You become entangled in the net!
An orc comes into view. It is wielding a +0 flail.
You hear a shout!
You tear a large gash into the net.
You struggle against the net.
Harold hits you!
You rip the net and break free!
Harold hits you!
You die...
Kikubaaqudgha rasps: "You have failed me!
Welcome... death!"

# #.....
...#.###..#.#######
...........$.......
...#.#....#.#
...o.#.#..#.######
.o............... .
................ ..
###..@(...####.#..#
###.@.....# ....
.............###..#.##
....##................
...
.........#......##.. .
..#.#..#..#+#..#.##..
...............#.##..
.#....................
.........#.............
##.....#..#+#..#.....


You could see Harold, an orc priest, an orc and a friendly +0 hand axe.

Vanquished Creatures
  Prince Ribbit (D:6)
  Sigmund (D:5)
  A yak (D:5)
  Eustachio (D:5)
  A black bear (D:6)
  An ice beast (D:6)
  An ogre (D:4)
  A centaur (D:6)
  A water moccasin skeleton (D:6)
  A scorpion (D:5)
  A crimson imp (D:5)
  A hound (D:7)
  2 quasits
  An orc priest (D:4)
  3 orc wizards
  Crazy Yiuf (D:2)
  Ijyb (D:5)
  An iguana (D:6)
  4 worker ants
  A hound skeleton (D:5)
  Robin (D:4)
  8 adders
  9 gnolls
  An adder skeleton (D:4)
  An adder zombie (D:6)
  3 worms (D:2)
  2 dart slugs
  4 leopard geckos
  15 orcs
  A ball python (D:3)
  14 bats
  3 giant cockroaches
  22 goblins
  10 hobgoblins
  4 jackals (D:3)
  A quokka (D:2)
  8 frilled lizards
  A jackal skeleton (D:4)
  6 kobolds
  3 quokka skeletons
  A quokka zombie (D:5)
  8 rats
152 creatures vanquished.

Notes
Turn   | Place    | Note
-------+----------+-------------------------------------------
     0 | D:1      | MrRokkomies the Spriggan Enchanter began the quest for the
                  | Orb.
     0 | D:1      | Reached XP level 1. HP: 9/9 MP: 5/5
   316 | D:1      | Reached XP level 2. HP: 8/13 MP: 6/6
   371 | D:1      | Reached skill level 4 in Hexes
   376 | D:1      | Learned a level 2 spell: Ensorcelled Hibernation
   812 | D:1      | Reached XP level 3. HP: 12/16 MP: 8/8
   897 | D:2      | Reached skill level 5 in Stealth
  1143 | D:2      | Reached XP level 4. HP: 21/21 MP: 9/9
  1148 | D:2      | Learned a level 3 spell: Confuse
  1508 | D:2      | Reached skill level 5 in Hexes
  1681 | D:2      | Found a runed translucent door.
  1682 | D:2      | Noticed Crazy Yiuf
  1693 | D:2      | Killed Crazy Yiuf
  1693 | D:2      | Reached XP level 5. HP: 24/24 MP: 3/10
  1811 | D:3      | Found a burning altar of Makhleb.
  1811 | D:3      | Noticed an Executioner
  2215 | D:3      | Learned a level 2 spell: Blink
  3111 | D:4      | Reached XP level 6. HP: 25/28 MP: 2/11
  3203 | D:4      | Reached skill level 6 in Hexes
  3285 | D:4      | You fall through a shaft!
  3285 | D:5      | Entered Level 5 of the Dungeon
  3291 | D:5      | Reached skill level 1 in Translocations
  3674 | D:4      | Reached skill level 5 in Short Blades
  3953 | D:4      | Reached XP level 7. HP: 24/32 MP: 5/12
  4015 | D:4      | Found a staircase to the Ecumenical Temple.
  4027 | Temple   | Entered the Ecumenical Temple
  4168 | Temple   | Became a worshipper of Kikubaaqudgha
  4225 | D:4      | Noticed Robin
  4266 | D:4      | Killed Robin
  4545 | D:5      | Noticed Eustachio
  4554 | D:5      | Killed Eustachio
  4554 | D:5      | Reached skill level 7 in Hexes
  4611 | D:5      | Noticed Sigmund
  4618 | D:5      | Killed Sigmund
  4625 | D:5      | Learned a level 3 spell: Tukima's Dance
  4773 | D:5      | Noticed a yak
  4821 | D:5      | Killed a yak
  4821 | D:5      | Reached skill level 8 in Hexes
  4821 | D:5      | Reached XP level 8. HP: 9/36 MP: 1/14
  4923 | D:5      | Learned a level 3 spell: Mephitic Cloud
  5157 | D:5      | Reached * piety under Kikubaaqudgha
  5157 | D:5      | Identified Kikubaaqudgha's Handbook of Dark Secrets
                  | (Kikubaaqudgha gifted it to you on level 5 of the Dungeon)
  5157 | D:5      | Received a gift from Kikubaaqudgha
  5281 | D:5      | Noticed Ijyb
  5294 | D:5      | Paralysed by Ijyb for 7 turns
  5303 | D:5      | Killed Ijyb
  5474 | D:6      | Learned a level 1 spell: Pain
  5638 | D:6      | Noticed Prince Ribbit
  5644 | D:6      | Killed Prince Ribbit
  5644 | D:6      | Reached skill level 5 in Dodging
  5644 | D:6      | Reached skill level 9 in Hexes
  5841 | D:6      | Found a stormy altar of Qazlal.
  6142 | D:7      | Noticed Harold
  6154 | D:7      | Slain by Harold

Levels and vault maps discovered:
D:1:      lightli_arrival_chessboard, layout_rooms, minmay_strange_pillars
D:2:      minmay_angry_zag, layout_rooms, grunt_ministairs_10,
          minmay_tetromino_s4, uniq_crazy_yiuf_cottage
D:3:      layout_basic, makhleb_altar_promises_db, first_ration
D:4:      layout_layer_cave, minmay_temple_entry_proselytizer, uniq_robin
D:5:      wander_river, layout_loops_ring, minmay_small_thing, uniq_sigmund,
          uniq_eustachio, uniq_ijyb
D:6:      layout_loops_ring, basic_altar, uniq_prince_ribbit1
D:7:      layout_basic, the_bakery, uniq_harold
Temple:   roderic_octagonal_lattice_temple

Skill      XL: |  1  2  3  4  5  6  7  8 |
---------------+-------------------------+-----
Hexes          | 4 5 6 8 9 |  9.8
Short Blades   | 2 3 4 5 6 |  6.2
Stealth        | 5 6 |  6.1
Translocations | 2 3 |  3.8
Spellcasting   | 3 4 |  4.1
Dodging        | 6 |  6.8

Action                   |  1- 3 |  4- 6 |  7- 9 || total
-------------------------+-------+-------+-------++-------
Melee: Dagger            |    99 |    38 |       ||   137
       Short sword       |       |   143 |   142 ||   285
 Cast: Corona            |     4 |       |       ||     4
       Ensorcelled Hiber |     6 |    39 |    10 ||    55
       Confuse           |       |     5 |     8 ||    13
       Tukima's Dance    |       |       |     4 ||     4
       Blink             |       |       |     2 ||     2
  Use: Scroll            |     3 |     3 |     6 ||    12
       Potion            |       |     1 |       ||     1
 Stab: Sleeping          |    12 |    32 |    10 ||    54
       Distracted        |     1 |       |       ||     1
       Confused          |       |       |     3 ||     3
  Eat: Ration            |       |     2 |     2 ||     4
Armor: Robe              |     5 |    22 |    13 ||    40
Dodge: Dodged            |    70 |   141 |    89 ||   300
Block: Other             |     2 |    28 |     8 ||    38
       Reflection        |       |     1 |       ||     1
       Buckler           |       |       |    12 ||    12

Table legend:
 A = Non-vault XP
 B = Vault XP
 C = Vault XP percentage of total XP
 D = Non-vault monster count
 E = Vault monster count
 F = Vault count percentage of total count
                 A         B        C        D         E       F
            +---------+---------+-------+---------+---------+-------
      Total |    1529 |    1070 |  41.2 |     123 |      29 |  19.1
            +---------+---------+-------+---------+---------+-------
        D:1 |      35 |       0 |   0.0 |      23 |       0 |   0.0
        D:2 |      91 |      71 |  43.8 |      21 |      12 |  36.4
        D:3 |     153 |       0 |   0.0 |      31 |       0 |   0.0
        D:4 |     290 |      76 |  20.8 |      16 |      12 |  42.9
        D:5 |     233 |     668 |  74.1 |      13 |       4 |  23.5
        D:6 |     637 |     255 |  28.6 |      17 |       1 |   5.6
        D:7 |      90 |       0 |   0.0 |       2 |       0 |   0.0
            +---------+---------+-------+---------+---------+-------
